 Dungeon Crawl Stone Soup version 0.26-a0-639-g72c4674329 (webtiles) character file.

Game seed: 10671267755261648982

1815 Flugslaktarn the Skirmisher (level 9, -2/73 HPs)
             Began as a Formicid Fighter on Sept 21, 2020.
             Was a Believer of Okawaru.
             Slain by a manticore (16 damage)
             ... on level 7 of the Dungeon.
             The game lasted 00:03:25 (5212 turns).

Flugslaktarn the Skirmisher (Formicid Fighter)      Turns: 5212, Time: 00:03:26

Health: -2/73      AC: 13    Str: 24    XL:     9   Next: 31%
Magic:  3/3        EV:  6    Int: 10    God:    Okawaru [**....]
Gold:   184        SH: 10    Dex: 10    Spells: 8/8 levels left

rFire    . . .     SeeInvis +   m - +0 war axe "Qiytz" {antimagic, Fragile +Inv MR+ Int+2}
rCold    . . .     Faith    .   c - +0 kite shield
rNeg     . . .     Spirit   .   h - +1 plate armour
rPois    .         Reflect  .   (helmet unavailable)
rElec    .         Harm     .   (no cloak)
rCorr    .         Rampage  .   (no gloves)
MR       +....                  (no boots)
Stlth    ..........             (no amulet)
HPRegen  0.22/turn              (no ring)
MPRegen  0.08/turn              (no ring)

@: no status effects
A: permanent stasis, dig shafts and tunnels, four strong arms, antennae 3
a: Dig, Shaft Self, Heroism, Renounce Religion, Evoke Invisibility


You were on level 7 of the Dungeon.
You worshipped Okawaru.
Okawaru was pleased with you.
You visited 2 branches of the dungeon, and saw 8 of its levels.
You also visited: Sewer.

You collected 262 gold pieces.
You spent 78 gold pieces at shops.

Inventory:

Hand Weapons
 m - the +0 war axe "Qiytz" (weapon) {antimagic, Fragile +Inv MR+ Int+2}
   (You found it on level 6 of the Dungeon)

   It reduces the magical energy of the wielder, and disrupts the spells and
   magical abilities of those hit.
   Natural abilities and divine invocations are not affected.
   It affects your intelligence (+2).
   It affects your resistance to hostile enchantments.
   It lets you turn invisible.
   It will be destroyed if unequipped.
Armour
 c - a +0 kite shield (worn)
 h - a +1 plate armour (worn)
   (You found it on level 1 of the Dungeon)
Jewellery
 o - an uncursed ring of resist corrosion {unknown}
   (You found it on level 6 of the Dungeon)
 p - an uncursed ring of protection from fire {unknown}
   (You found it in a sewer)
Wands
 l - a wand of paralysis (6)
   (You took it off Ijyb on level 5 of the Dungeon)
 n - a wand of acid (16)
   (You found it on level 6 of the Dungeon)
 t - a wand of iceblast (10)
   (You found it on level 5 of the Dungeon)
Scrolls
 f - 2 scrolls of fog
 i - 2 scrolls of fear
 k - 2 scrolls of immolation
 r - 2 scrolls of identify
 s - a scroll of vulnerability {unknown}
 u - a scroll of blinking {unknown}
 x - 2 scrolls of remove curse
Potions
 a - a potion of cancellation {unknown}
 b - a potion of brilliance
 d - a potion of might
 e - a potion of lignification
 g - a potion of haste {unknown}
 j - 2 potions of invisibility


   Skills:
 * Level 7.7 Fighting
 * Level 6.6 Axes
 + Level 5.9 Armour
 + Level 6.4 Shields
 + Level 3.4 Invocations


You had 8 spell levels left.
You didn't know any spells.
Your spell library was empty.

Dungeon Overview and Level Annotations

Branches:
Dungeon (7/15)             Temple (1/1) D:4           Sewer (visited)

Altars:
Ashenzari
Cheibriados
Dithmenos
Elyvilon
Gozag
Hepliaklqana
Kikubaaqudgha
Makhleb
Nemelex Xobeh
Okawaru
Qazlal
Ru
Sif Muna
Trog
Uskayaw
Vehumet
Wu Jian
Xom
Yredelemnul
Zin
The Shining One

Shops:
D:5 *

Portals:
Ossuary: D:7


Innate Abilities, Weirdness & Mutations

You cannot be hasted, slowed, berserked, paralysed or teleported.
You can dig through walls and to a lower floor.
Your four strong arms can wield two-handed weapons with a shield.
You have a pair of large antennae on your head. (SInv)


Message History

You are too injured to fight recklessly!
You are too injured to fight recklessly!
You are too injured to fight recklessly!
You are too injured to fight recklessly!
You are too injured to fight recklessly!
You slash the manticore!
The manticore is heavily wounded.
You block the manticore's attack. x2
The manticore claws you but does no damage.
The manticore bites you!!
* * * LOW HITPOINT WARNING * * *
The manticore barely misses you. The manticore closely misses you.
You hit the manticore but do no damage.
The manticore is heavily wounded.
You carefully extract the barbed spikes from your body.
The manticore closely misses you. The manticore barely misses you.
The manticore claws you.
* * * LOW HITPOINT WARNING * * *
You feel better. The manticore bites you!
You die...

#.####...##
#.......... .
######...## .##
##..## ..# #.... #.#
# #.### #.# .# ##'##
#.####.##.# ##...##
#..H@.....# ##..†..#
######..### ##.......
#.........###........
#...........+........
#..###.....##........
#..##...#..###.......
#..##.###..# ##.....#
#..........# ##...##
####..._...# ##'##


You could see a manticore.

Vanquished Creatures
  A hippogriff (D:5)
  Sigmund (D:5)
  Eustachio (D:4)
  An ogre (D:6)
  2 phantoms
  2 centaurs
  A bullfrog (Sewer)
  4 crimson imps (D:4)
  A centaur zombie (D:3)
  2 bullfrog zombies
  5 orc priests
  A hound (D:4)
  A jelly (D:5)
  Ijyb (D:5)
  2 orc wizards
  2 worker ants
  A hound skeleton (D:4)
  A worker ant zombie (D:6)
  13 adders
  A howler monkey skeleton (D:6)
  A white imp (D:5)
  3 ufetubi
  An ooze (D:1)
  4 worms
  2 dart slugs
  2 leopard geckos
  21 orcs
  13 giant cockroaches
  4 goblins
  2 hobgoblins
  3 jackals (D:2)
  5 quokkas
  A ball python (Sewer)
  3 bats
  5 frilled lizards
  A jackal skeleton (D:4)
  A kobold (D:2)
  A quokka skeleton (D:4)
  A quokka zombie (D:5)
  2 rats
120 creatures vanquished.

Vanquished Creatures (others)
  An orc (D:5)
1 creature vanquished.

Grand Total: 121 creatures vanquished

Notes
Turn   | Place    | Note
-------+----------+-------------------------------------------
     0 | D:1      | Flugslaktarn the Formicid Fighter began the quest for the
                  | Orb.
     0 | D:1      | Reached XP level 1. HP: 18/18 MP: 1/1
    64 | D:1      | Reached XP level 2. HP: 17/24 MP: 2/2
   335 | D:2      | Reached XP level 3. HP: 23/30 MP: 3/3
   719 | D:2      | Reached skill level 4 in Fighting
   719 | D:2      | Reached XP level 4. HP: 37/37 MP: 4/4
   742 | D:3      | Reached XP level 5. HP: 36/43 MP: 5/5
   997 | D:3      | Found a shadowy altar of Dithmenos.
  1043 | D:3      | Noticed a phantom
  1121 | D:3      | Killed a phantom
  1121 | D:3      | Reached skill level 5 in Fighting
  1121 | D:3      | Reached XP level 6. HP: 23/51 MP: 6/6
  1594 | D:4      | Noticed a phantom
  1628 | D:4      | Killed a phantom
  1628 | D:4      | Reached XP level 7. HP: 44/56 MP: 7/7
  1826 | D:4      | Noticed Eustachio
  1883 | D:4      | Killed Eustachio
  1883 | D:4      | Reached skill level 5 in Shields
  1976 | D:4      | Found a staircase to the Ecumenical Temple.
  2008 | Temple   | Entered the Ecumenical Temple
  2148 | Temple   | Became a worshipper of Warmaster Okawaru
  2234 | D:4      | Reached skill level 6 in Fighting
  2350 | D:4      | Found a shimmering altar of Xom.
  2381 | D:4      | Reached skill level 5 in Axes
  2407 | D:4      | Reached XP level 8. HP: 62/64 MP: 8/8
  2418 | D:4      | Reached skill level 1 in Invocations
  2540 | D:5      | Entered Level 5 of the Dungeon
  2540 | D:5      | Noticed Sigmund
  2564 | D:5      | Killed Sigmund
  2564 | D:5      | Reached skill level 5 in Armour
  2696 | D:5      | Found a sacrificial altar of Ru.
  2700 | D:5      | Found a hazy altar of Hepliaklqana.
  2702 | D:5      | Noticed a hippogriff
  2714 | D:5      | Killed a hippogriff
  2714 | D:5      | Reached * piety under Okawaru
  3035 | D:5      | Reached skill level 7 in Fighting
  3333 | D:5      | Found Yruut's Assorted Antiques.
  3362 | D:5      | Bought 3 scrolls labeled ITHEBRYSTA for 78 gold pieces
  3444 | D:5      | Noticed Ijyb
  3451 | D:5      | Killed Ijyb
  3451 | D:5      | Reached XP level 9. HP: 70/72 MP: 9/11
  3637 | D:5      | Found a sacrificial altar of Ru.
  3641 | D:5      | Found a hazy altar of Hepliaklqana.
  3664 | D:5      | Found Yruut's Assorted Antiques.
  3918 | D:6      | Found a radiant altar of Vehumet.
  3965 | D:6      | Got a warped war axe
  3966 | D:6      | Identified the +0 war axe "Qiytz" {antimagic, Fragile +Inv
                  | MR+ Int+2} (You found it on level 6 of the Dungeon)
  3994 | D:6      | Reached ** piety under Okawaru
  4321 | D:6      | Found a glowing drain.
  4342 | Sewer    | Entered a sewer
  5009 | D:7      | Found a sand-covered staircase.
  5167 | D:7      | Noticed a +0 hand axe
  5169 | D:7      | Noticed a +0 hand axe
  5172 | D:7      | Found a hide-covered altar of Uskayaw.
  5203 | D:7      | Noticed a manticore
  5211 | D:7      | HP: 2/73 [manticore (4)]
  5212 | D:7      | Slain by a manticore

Illustrated notes

Levels and vault maps discovered:
D:1:      matt_arrival_diagonals, layout_basic
D:2:      layout_basic, minmay_misc_feat_roman
D:3:      layout_basic, nicolae_dithmenos_shadow_blocks
D:4:      layout_cave_pools, led_xom_imps, temple_pool_b, uniq_eustachio
D:5:      layout_rooms, grunt_temple_overflow_open, serial_shops, shop,
          uniq_sigmund, uniq_ijyb
D:6:      layout_cave_pools, vehumet_crystals, cheibrodos_sewer_entry_bend,
          kennysheep_cluttered_room, minmay_strange_pillars,
          grunt_decor_clamped, corner_web_ring
D:7:      layout_loops_corners, dancing_weapons_uskayaw,
          lightli_ossuary_entry_decrepit_ruins, basic_altar
Temple:   regret_index_temple_sphere_string

Skill      XL: |  1  2  3  4  5  6  7  8  9 |
---------------+----------------------------+-----
Shields        | 4 5 6 |  6.4
Fighting       | 4 5 6 7 |  7.7
Axes           | 3 4 5 6 |  6.6
Armour         | 4 5 |  5.9
Invocations    | 2 3 |  3.4

Action                   |  1- 3 |  4- 6 |  7- 9 || total
-------------------------+-------+-------+-------++-------
Melee: War axe           |    50 |   141 |   360 ||   551
Invok: Heroism           |       |       |     3 ||     3
  Use: Potion            |       |     1 |     3 ||     4
       Scroll            |       |     5 |     6 ||    11
Armor: Scale mail        |     5 |       |       ||     5
       Plate armour      |    27 |   109 |   278 ||   414
Dodge: Dodged            |     9 |    23 |   102 ||   134
Block: Kite shield       |    18 |    76 |   259 ||   353

Table legend: (Time is in decaauts)
 A = Elapsed time spent in this place.
 B = Non-inter-level travel time spent in this place.
 C = Inter-level travel time spent in this place.
 D = Time resting spent in this place.
 E = Time spent auto-exploring this place.
 F = Levels seen in this place.
 G = Mean time per level.
                   A        B        C        D        E       F      G
               +--------+--------+--------+--------+--------+-----+--------+
         Total |   5420 |   5268 |    152 |    119 |   3915 |   9 |  602.2 |
       Dungeon |   4925 |   4811 |    114 |    119 |   3627 |   7 |  703.6 |
        Temple |    168 |    130 |     38 |      0 |    127 |   1 |  168.0 |
         Sewer |    326 |    326 |      0 |      0 |    161 |   1 |  326.0 |
               +--------+--------+--------+--------+--------+-----+--------+

Top non-repeatable levels by time:
     D:5: 1401 daAuts
     D:3: 896 daAuts
     D:4: 842 daAuts
     D:6: 677 daAuts
     D:2: 420 daAuts
     D:7: 357 daAuts
     D:1: 330 daAuts
   Sewer: 326 daAuts
  Temple: 168 daAuts
